 Dungeon Sprint DCSS version 0.21.1-1-g345015f (webtiles) character file.

7914 Gingerlord the Eclecticist (level 11, -20/64 HPs)
             Began as a Deep Elf Fire Elementalist on July 4, 2018.
             Was the Champion of Vehumet.
             Demolished by a stone giant (41 damage)
             ... in the Dungeon (Sprint IX: "|||||||||||||||||||||||||||||").
             The game lasted 00:19:19 (2676 turns).

Gingerlord the Eclecticist (DEFE)                   Turns: 2676, Time: 00:19:19

Health: -20/64     AC:  6    Str:  8    XL:     11   Next: 3%
Magic:  32/32      EV: 23    Int: 24    God:    Vehumet [******]
Gold:   25         SH:  0    Dex: 18    Spells: 15/40 levels left

rFire    . . .     SeeInvis .   n - staff of energy
rCold    . . .     Gourm    .   (no shield)
rNeg     . . .     Faith    .   w - +2 robe
rPois    .         Spirit   .   v - +0 helmet
rElec    .         Reflect  .   q - +0 cloak
rCorr    .         Harm     .   (no gloves)
MR       +....     NoTele   +   (no boots)
Stlth    ++........             (no amulet)
HPRegen  0.20/turn              o - +3 ring of dexterity
MPRegen  0.23/turn              p - +3 ring of intelligence

@: no status effects
A: no striking features
a: Renounce Religion


You were in the Dungeon.
You worshipped Vehumet.
Vehumet was exalted by your worship.
You were not hungry.

You visited 1 branch You collected 25 gold pieces.

Inventory:

Armour
 q - a +0 cloak (worn)
 v - a +0 helmet (worn)
 w - a +2 robe (worn)
Magical Staves
 n - an uncursed staff of energy (weapon)
Jewellery
 o - a +3 ring of dexterity (left hand)
 p - a +3 ring of intelligence (right hand)
Wands
 l - a wand of acid (9)
 m - a wand of iceblast (8)
Scrolls
 i - 3 scrolls of magic mapping
 j - 4 scrolls of remove curse
 k - 2 scrolls of amnesia
 r - a scroll of fog
 s - a scroll of blinking
 t - 4 scrolls of enchant armour
Potions
 c - a potion of agility
 d - a potion of invisibility
 f - a potion of haste
 h - 2 potions of berserk rage
Books
 b - a book of Flames

   Spells                             Type                      Level
   a - Flame Tongue                   Conjuration/Fire             1
   b - Throw Flame                    Conjuration/Fire             2
   c - Conjure Flame                  Conjuration/Fire             3
   d - Inner Flame                    Hexes/Fire                   3
   e - Sticky Flame                   Conjuration/Fire             4
   f - Fireball                       Conjuration/Fire             5
 g - a book of Spatial Translocations

   Spells                             Type                      Level
   a - Blink                          Translocation                2
   b - Shroud of Golubria             Charms/Translocation         2
   c - Lesser Beckoning               Translocation                3
   d - Gell's Gravitas                Translocation                3
   e - Teleport Other                 Translocation                3
   f - Passage of Golubria            Translocation                4
Comestibles
 u - 9 rations


   Skills:
 - Level 5.6 Fighting
 + Level 14.0 Dodging
 - Level 2.4 Stealth
 + Level 15.2 Spellcasting
 + Level 12.9 Conjurations
 - Level 10.4 Charms
 - Level 8.2 Translocations
 + Level 13.3 Fire Magic
 + Level 0.0 Evocations


You had 15 spell levels left.
You knew the following spells:

 Your Spells              Type           Power        Failure   Level  Hunger
a - Flame Tongue          Conj/Fire      #####        0%          1    None
b - Conjure Flame         Conj/Fire      ######..     1%          3    None
c - Sticky Flame          Conj/Fire      ######..     1%          4    None
d - Fireball              Conj/Fire      ######....   1%          5    None
e - Shroud of Golubria    Chrm/Tloc      ######....   1%          2    None
f - Blink                 Tloc           N/A          1%          2    None
g - Gell's Gravitas       Tloc           ######....   1%          3    None
h - Throw Frost           Conj/Ice       #####.       1%          2    None
i - Mephitic Cloud        Conj/Pois/Air  #####...     1%          3    None


Dungeon Overview and Level Annotations

Branches:
Dungeon (1/1)

Altars:
Cheibriados
Dithmenos
Elyvilon
Fedhas
Gozag
Hepliaklqana
Kikubaaqudgha
Makhleb
Nemelex Xobeh
Okawaru
Qazlal
Ru
Sif Muna
Trog
Uskayaw
Vehumet
Wu Jian
Xom
Yredelemnul
Zin
The Shining One
Beogh
Jiyva
Lugonu


Message History

a +0 robe; a scimitar of flaming
Things that are here:
a giant spiked club; a robe; the ogre skeleton of Erolcha
There is an open door here.
You close the door.
You open the door.
You start resting.
HP restored.
There is an open door here.
Things that are here:
a giant spiked club; a robe The stone giant shouts!
The stone giant throws a large rock.
The large rock hits you!!!
Ouch! That really hurt!
You see here a large rock.
You hit the stone giant.
The stone giant is lightly wounded.
The stone giant hits you!!!
Ouch! That really hurt!
You die...

▓▓▓▓▓▓▓▓▓▓▓▓▓▓▓▓▓▓▓▓▓▓▓▓▓▓▓▓▓▓▓▓▓
___________________'...)[.[[[')..
▓▓▓▓▓▓▓▓▓▓▓▓▓▓▓▓▓▓▓▓▓▓▓▓▓▓▓▓▓▓▓▓▓
.................................
▓▓▓▓▓▓▓▓▓▓▓▓▓▓▓▓▓▓▓▓▓▓▓▓▓▓▓▓▓▓▓▓▓
.........'.....÷...÷÷.......(...'
▓▓▓▓▓▓▓▓▓▓▓▓▓▓▓▓▓▓▓▓▓▓▓▓▓▓▓▓▓▓▓▓▓
..[............C@(........)......
▓▓▓▓▓▓▓▓▓▓▓▓▓▓▓▓▓▓▓▓▓▓▓▓▓▓▓▓▓▓▓▓▓


You could see a stone giant.

Vanquished Creatures
  Erolcha (D)
  Erica (D)
  2 hydras (D)
  A skeletal warrior (D)
  A black mamba (D)
  An elephant (D)
  4 spiny frogs (D)
  2 komodo dragons (D)
  A troll (D)
  A polar bear (D)
  A wraith (D)
  2 wargs (D)
  2 water moccasins (D)
  A porcupine (D)
  A hell hound (D)
  An orc warrior (D)
  A tengu (shapeshifter) (D)
  5 wolves (D)
  3 crocodiles (D)
  3 bullfrogs (D)
  A crimson imp (D)
  A worker ant (D)
  An iguana (D)
  2 orc wizards (D)
  2 adders (D)
  3 orcs (D)
  A ball python (D)
  2 bats (D)
  A bat zombie (D)
  A giant cockroach (D)
  2 jackals (D)
  A frilled lizard (D)
  A rat (D)
54 creatures vanquished.

Notes
Turn   | Place    | Note
-------+----------+-------------------------------------------
     0 | D        | Gingerlord the Deep Elf Fire Elementalist began the quest for the Orb.
     0 | D        | Reached XP level 1. HP: 10/10 MP: 6/6
   177 | D        | Noticed an iguana
   177 | D        | Noticed a crimson imp
   180 | D        | Killed an iguana
   180 | D        | Reached skill level 1 in Fighting
   180 | D        | Reached skill level 4 in Spellcasting
   180 | D        | Reached XP level 2. HP: 4/16 MP: 4/9
   180 | D        | Reached XP level 3. HP: 5/20 MP: 4/11
   194 | D        | Found a roughly hewn altar of Beogh.
   194 | D        | Found a snail-covered altar of Cheibriados.
   194 | D        | Found a shadowy altar of Dithmenos.
   194 | D        | Found a white marble altar of Elyvilon.
   194 | D        | Found a blossoming altar of Fedhas.
   194 | D        | Found an opulent altar of Gozag.
   195 | D        | Found a hazy altar of Hepliaklqana.
   196 | D        | Found a viscous altar of Jiyva.
   197 | D        | Found an ancient bone altar of Kikubaaqudgha.
   198 | D        | Found a corrupted altar of Lugonu.
   199 | D        | Found a burning altar of Makhleb.
   200 | D        | Found a sparkling altar of Nemelex Xobeh.
   201 | D        | Found an iron altar of Okawaru.
   202 | D        | Found a stormy altar of Qazlal.
   203 | D        | Found a sacrificial altar of Ru.
   204 | D        | Found a deep blue altar of Sif Muna.
   205 | D        | Found a bloodstained altar of Trog.
   206 | D        | Found a hide-covered altar of Uskayaw.
   207 | D        | Found a radiant altar of Vehumet.
   208 | D        | Found an ornate altar of the Wu Jian Council.
   209 | D        | Found a shimmering altar of Xom.
   210 | D        | Found a basalt altar of Yredelemnul.
   211 | D        | Found a glowing silver altar of Zin.
   214 | D        | Reached skill level 5 in Spellcasting
   215 | D        | Found a glowing golden altar of the Shining One.
   306 | D        | Reached skill level 5 in Dodging
   306 | D        | Reached skill level 5 in Fire Magic
   306 | D        | Reached XP level 4. HP: 17/26 MP: 11/13
   419 | D        | Learned a level 3 spell: Conjure Flame
   424 | D        | Learned a level 4 spell: Sticky Flame
   435 | D        | Noticed a bullfrog
   438 | D        | Reached skill level 6 in Spellcasting
   449 | D        | Killed a bullfrog
   449 | D        | Reached skill level 7 in Spellcasting
   449 | D        | Reached skill level 5 in Conjurations
   449 | D        | Reached XP level 5. HP: 23/31 MP: 6/16
   586 | D        | Became a worshipper of Vehumet
   609 | D        | Noticed a four-headed hydra
   609 | D        | Noticed a basilisk
   609 | D        | Noticed a wraith
   609 | D        | Noticed an orc warrior
   609 | D        | Noticed a troll
   609 | D        | Noticed a skeletal warrior
   615 | D        | Noticed a rime drake
   615 | D        | a basilisk changed into a rime drake
   615 | D        | Killed a four-headed hydra
   615 | D        | Reached skill level 10 in Spellcasting
   615 | D        | Reached XP level 6. HP: 24/39 MP: 7/21
   615 | D        | Reached XP level 7. HP: 27/44 MP: 7/23
   647 | D        | Reached skill level 10 in Dodging
   679 | D        | Killed a wraith
   679 | D        | Reached * piety under Vehumet
   679 | D        | Offered knowledge of Magic Dart by Vehumet.
   679 | D        | Reached skill level 11 in Spellcasting
   679 | D        | Reached XP level 8. HP: 34/48 MP: 18/25
   688 | D        | Reached skill level 10 in Fire Magic
   692 | D        | Killed a troll
   692 | D        | Reached skill level 5 in Fighting
   738 | D        | Killed a skeletal warrior
   738 | D        | Reached ** piety under Vehumet
   738 | D        | Reached skill level 12 in Spellcasting
   738 | D        | Reached skill level 10 in Conjurations
   738 | D        | Reached XP level 9. HP: 5/54 MP: 2/27
  1159 | D        | Learned a level 5 spell: Fireball
  1162 | D        | Learned a level 2 spell: Shroud of Golubria
  1165 | D        | Learned a level 2 spell: Blink
  1169 | D        | Learned a level 3 spell: Gell's Gravitas
  1169 | D        | Noticed a komodo dragon
  1169 | D        | Noticed a spiny frog
  1169 | D        | Noticed a komodo dragon
  1169 | D        | Noticed a spiny frog
  1173 | D        | Killed a komodo dragon
  1173 | D        | Offered knowledge of Sandblast by Vehumet.
  1173 | D        | Reached skill level 1 in Translocations
  1175 | D        | Killed a spiny frog
  1175 | D        | Reached skill level 13 in Spellcasting
  1178 | D        | Noticed a black mamba
  1180 | D        | Killed a komodo dragon
  1182 | D        | Killed a spiny frog
  1182 | D        | Reached *** piety under Vehumet
  1182 | D        | Reached skill level 5 in Charms
  1192 | D        | Killed a black mamba
  1210 | D        | Reached **** piety under Vehumet
  1462 | D        | Noticed a polar bear
  1470 | D        | Killed a polar bear
  1470 | D        | Offered knowledge of Throw Frost by Vehumet.
  1470 | D        | Reached skill level 5 in Translocations
  1508 | D        | Noticed a spiny frog
  1508 | D        | Noticed an eight-headed hydra
  1513 | D        | Killed a spiny frog
  1513 | D        | Reached XP level 10. HP: 40/60 MP: 24/29
  1515 | D        | Noticed a spiny frog
  1516 | D        | Killed an eight-headed hydra
  1516 | D        | Reached ***** piety under Vehumet
  1516 | D        | Reached skill level 14 in Spellcasting
  1517 | D        | Noticed an elephant
  1524 | D        | Killed a spiny frog
  1532 | D        | Killed an elephant
  1706 | D        | Learned a level 2 spell: Throw Frost
  1719 | D        | Offered knowledge of Mephitic Cloud by Vehumet.
  1731 | D        | Reached ****** piety under Vehumet
  2039 | D        | Learned a level 3 spell: Mephitic Cloud
  2059 | D        | Noticed Erolcha
  2064 | D        | Killed Erolcha
  2064 | D        | Offered knowledge of Ignite Poison by Vehumet.
  2064 | D        | Reached skill level 15 in Spellcasting
  2064 | D        | Reached skill level 10 in Charms
  2264 | D        | Noticed Erica
  2274 | D        | Killed Erica
  2274 | D        | Offered knowledge of Spellforged Servitor by Vehumet.
  2274 | D        | Reached XP level 11. HP: 64/64 MP: 13/32
  2406 | D        | Noticed a stone giant
  2676 | D        | Demolished by a stone giant

Skill      XL: |  1  2  3  4  5  6  7  8  9 10 |
---------------+-------------------------------+-----
Dodging        | 4 5 6 9 10 11 12 14 | 14.0
Conjurations   | 3 4 5 8 9 10 11 12 | 12.9
Fighting       | 1 2 4 5 |  5.6
Spellcasting   | 4 5 7 10 11 12 13 15 | 15.2
Fire Magic     | 4 5 6 9 10 12 13 | 13.3
Charms         | 7 10 | 10.4
Translocations | 5 8 |  8.2
Stealth        | |  2.4

Action                   |  1- 3 |  4- 6 |  7- 9 | 10-12 || total
-------------------------+-------+-------+-------+-------++-------
Melee: Unarmed           |    21 |       |       |       ||    21
       Staff             |       |       |       |     4 ||     4
 Cast: Flame Tongue      |    20 |    20 |    42 |    51 ||   133
       Sticky Flame      |       |     3 |    14 |     4 ||    21
       Conjure Flame     |       |     1 |     9 |     4 ||    14
       Gell's Gravitas   |       |       |     2 |       ||     2
       Fireball          |       |       |       |     7 ||     7
       Throw Frost       |       |       |       |     6 ||     6
       Mephitic Cloud    |       |       |       |     3 ||     3
       Blink             |       |       |       |     2 ||     2
Evoke: Wand              |     1 |     1 |       |       ||     2
  Use: Potion            |     3 |     2 |     8 |     3 ||    16
       Scroll            |     1 |       |     1 |       ||     2
  Eat: Ration            |       |       |     1 |     1 ||     2
Armor: Robe              |    10 |     1 |     3 |     1 ||    15
Dodge: Dodged            |    38 |    19 |    35 |    54 ||   146
